AoeStats
← |GaoeG| flamingo

Nomad

508282977Analyzed
3v3 RM · 10d ago on Sep 21, 2026· 42m 58s· 6 players
Game mode
Random Map
Map size
210×210
Population
200
Speed
Normal
Resources
Standard
Victory
Conquest
Starting age
Dark Age
Ending age
Imperial Age
RankedLock teamsTeams togetherTeam positionsShared explorationLock speedFull tech treeHidden civsTurbo modeCheats
Victory
Defeat
🇩🇪 Malay · Germany
1356
+13
🇨🇭 Dravidians · Switzerland
1327
+14
🇩🇪 Persians · Germany
1256
+17
🇪🇸 Khmer · Spain
1350
-17
🇪🇸 Spanish · Spain
1314
-16
🇪🇸 Italians · Spain
1204
-11
|GaoeG| flamingo
8:30 Loom
14:36 Feudal Age
18:45 Castle Age
20:47 Double-Bit Axe
27:10 Wheelbarrow
28:51 Bow Saw
28:28 Horse Collar
30:01 Heavy Plow
30:38 Town Watch
34:13 Gold Mining
35:58 Padded Archer Armor
38:04 Hand Cart
38:50 Bloodlines
38:42 Husbandry
41:36 Imperial Age
|GaoeG| Tifus
3:08 Loom
13:51 Feudal Age
14:53 Double-Bit Axe
22:46 Castle Age
21:17 Horse Collar
24:17 Stone Mining
27:51 Pikeman
30:39 Heavy Plow
32:14 Wheelbarrow
31:25 Town Watch
32:30 Bow Saw
32:43 Gold Mining
37:08 Imperial Age
35:39 Hand Cart
34:47 Light Cavalry
35:27 Husbandry
36:40 Forging
36:35 Scale Barding Armor
36:42 Bloodlines
37:22 Cavalier
40:55 Chain Barding Armor
41:11 Iron Casting
ErafaE
4:55 Loom
14:15 Feudal Age
19:10 Castle Age
18:46 Double-Bit Axe
19:05 Town Watch
19:56 Wheelbarrow
25:52 Horse Collar
26:46 Ballistics
26:41 Fletching
28:20 Gold Mining
29:22 Hand Cart
29:52 Bow Saw
30:07 Padded Archer Armor
32:34 Heavy Plow
35:17 Imperial Age
33:13 Bodkin Arrow
33:35 Leather Archer Armor
35:24 Elite Genoese Crossbowman
36:27 Conscription
36:13 Bracer
37:44 Chemistry
39:17 Ring Archer Armor
39:32 Husbandry
39:43 Bloodlines
38:53 Light Cavalry
41:57 Town Patrol
Fabulous_Fabian
4:54 Loom
13:13 Feudal Age
13:00 Double-Bit Axe
14:20 Fishing Lines
15:21 Gold Mining
20:57 Castle Age
19:37 Scale Barding Armor
19:43 Forging
20:54 Medium Warships
21:01 Husbandry
23:57 Wheelbarrow
23:59 Iron Casting
26:18 Gillnets
28:22 Devotion
29:03 Stone Mining
29:36 Squires
31:45 Hand Cart
32:27 Town Watch
33:41 Stone Shaft Mining
33:46 Town Patrol
37:29 Imperial Age
36:38 Bow Saw
37:05 Gold Shaft Mining
37:18 Conscription
36:35 Elite Karambit Warrior
39:19 Blast Furnace
41:48 Coinage
41:39 Pikeman
rhino
4:12 Loom
14:18 Feudal Age
19:33 Castle Age
18:43 Double-Bit Axe
21:00 Medium Warships
25:45 Bow Saw
25:45 Horse Collar
28:15 Heavy Plow
28:56 Wheelbarrow
28:07 Town Watch
30:16 Gold Mining
30:21 Stone Mining
34:03 Imperial Age
31:41 Fletching
31:51 Padded Archer Armor
32:40 Ballistics
32:40 Bodkin Arrow
33:13 Hand Cart
32:59 Town Patrol
33:35 Thumb Ring
33:38 Medical Corps
35:03 Conscription
35:53 Chemistry
35:26 Elite Elephant Archer
43:46 Two-Man Saw
42:49 Bracer
43:10 Leather Archer Armor
Birkules
4:04 Loom
14:25 Feudal Age
18:53 Castle Age
33:51 Fishing Lines
34:26 Horse Collar
44:17 Imperial Age
42:17 Kamandaran
42:44 Stone Mining
42:33 Elite Skirmisher
Connection lost

Rejoining the realm…

Still unreachable

The connection could not be restored.

Session expired

The server has moved on; the page needs a fresh start.